 Dungeon Crawl Stone Soup version 0.30-a0-377-g5cb311bc9f (webtiles) character file.

Game seed: 10333607192358583237

16761 funkygono the Thaumaturge (level 12, -4/77 HPs)
             Began as a Demonspawn Fire Elementalist on Nov 29, 2022.
             Was a Believer of Vehumet.
             Slain by a skeletal warrior
             ... wielding a +4 battleaxe of venom
              (11 damage)
             ... on level 12 of the Dungeon on Nov 30, 2022.
             The game lasted 00:23:44 (11969 turns).

funkygono the Thaumaturge (DsFE)                   Turns: 11969, Time: 00:23:45

Health: -4/77      AC: 22    Str:  9    XL:     12   Next: 12%
Magic:  9/28       EV: 13    Int: 22    God:    Vehumet [**....]
Gold:   734        SH:  0    Dex: 13    Spells: 18/36 levels left

rFire   . . .      SeeInvis .    d - +4 mace (protect)
rCold   . . .      Faith    .    (no shield)
rNeg    . . .      Spirit   .    J - +3 steam dragon scales
rPois   .          Reflect  .    Q - +0 hat {Will+}
rElec   .          Harm     .    G - +1 cloak
rCorr   .          Rampage  .    M - +1 pair of gloves
Will    +....                    C - +2 pair of boots
Stlth   ++........               (no amulet)
HPRegen 0.32/turn                j - +4 ring of protection
MPRegen 0.42/turn                g - ring of wizardry

@: lethally poisoned (-4 -> -34)
A: horns 2, slimy green scales 2, powered by death 1, magic regeneration
a: Renounce Religion


You were on level 12 of the Dungeon.
You worshipped Vehumet.
Vehumet was pleased with you.
You visited 2 branches of the dungeon, and saw 13 of its levels.
You also visited: Sewer.

You collected 734 gold pieces.

Inventory:

Hand Weapons
 d - a +4 mace of protection (weapon)
 t - a +0 whip of freezing
 y - a +2 whip of electrocution
 F - a +2 quarterstaff of chaos
 K - a +2 whip of venom
Armour
 a - a +0 robe
 C - a +2 pair of boots (worn)
 G - a +1 cloak (worn)
 J - +3 steam dragon scales (worn)
 M - a +1 pair of gloves (worn)
 Q - a +0 hat of willpower (worn)
Magical Staves
 v - a staff of earth
 N - a staff of poison
Jewellery
 e - a ring of protection from fire
 g - a ring of wizardry (right hand)
 h - a ring of poison resistance
 j - a +4 ring of protection (left hand)
 l - the ring of Balance {rF+ Will+ EV+4 Str-5}
   (You found it on level 10 of the Dungeon)

   [ring of evasion]

   EV:        It affects your evasion (+4).
   Str:       It affects your strength (-5).
   rF:        It protects you from fire.
   Will:      It increases your willpower.
 r - a ring of protection from fire
Wands
 D - a wand of acid (10)
 L - a wand of mindburst (5)
Scrolls
 c - a scroll of butterflies
 i - a scroll of torment
 n - 3 scrolls of fear
 p - 7 scrolls of teleportation
 x - a scroll of blinking
 H - 4 scrolls of amnesia
Potions
 b - 4 potions of magic
 f - a potion of brilliance
 k - 5 potions of heal wounds
 m - 6 potions of attraction
 o - a potion of ambrosia {unknown}
 q - 5 potions of flight
 s - 3 potions of lignification
 u - 2 potions of cancellation {unknown}
 w - 6 potions of curing
 z - a potion of berserk rage {unknown}
 A - 2 potions of haste
 B - 2 potions of mutation {unknown}
 E - a potion of degeneration {unknown}
 I - 4 potions of might


   Skills:
 + Level 1.5 Fighting
 + Level 1.1 Maces & Flails
 + Level 3.1 Dodging
 - Level 1.7 Stealth
 + Level 12.7 Spellcasting
 + Level 7.6 Conjurations
 + Level 0.2 Translocations
 + Level 11.3 Fire Magic
 + Level 1.1 Air Magic


You had 18 spell levels left.
You knew the following spells:

 Your Spells              Type           Power      Damage    Failure   Level
a - Foxfire               Conj/Fire      100%       2x1d9     1%          1
b - Scorch                Fire           100%       2d10      1%          2
c - Kindle Blastsparks    Fire/Tloc/Air  64%        2d15      1%          3
d - Flame Wave            Conj/Fire      53%        2d13      1%          4
e - Searing Ray           Conj           94%        2d7       1%          2
f - Sandblast             Erth           26%        2d8       1%          1
g - Fireball              Conj/Fire      26%        3d12      1%          5

Your spell library contained the following spells:

 Spells                   Type           Power      Damage    Failure   Level
 Poisonous Vapours        Pois/Air       32%        N/A       2%          2
 Freeze                   Ice            52%        1d6       1%          1
 Magic Dart               Conj           100%       1d8       1%          1
 Slow                     Hex            52%        N/A       1%          1
 Dazzling Flash           Conj/Hex       60%        N/A       1%          3
 Hailstorm                Conj/Ice       30%        3d8       1%          3
 Inner Flame              Hex/Fire       38%        N/A       1%          3
 Iskenderun's Battlesphe  Conj           47%        2d10      2%          5
 Gell's Gravitas          Tloc           15%        N/A       4%          3
 Teleport Other           Tloc           15%        N/A       4%          3
 Fulminant Prism          Conj/Hex       15%        3d10      4%          4
 Confusing Touch          Hex            13%        N/A       6%          3
 Frozen Ramparts          Ice            26%        1d4       6%          3
 Vampiric Draining        Necr           13%        2d6       6%          3
 Silence                  Hex/Air        8%         N/A       36%         5
 Conjure Ball Lightning   Conj/Air       16%        3x3d6     41%         6
 Agony                    Necr           13%        N/A       43%         5
 Orb of Destruction       Conj           23%        9d8       52%         7
 Dispersal                Tloc           7%         N/A       91%         6
 Summon Cactus Giant      Summ           6%         N/A       93%         6
 Chain Lightning          Conj/Air       16%        3d22      100%        9
 Fire Storm               Conj/Fire      26%        8d7       100%        9
 Shatter                  Erth           6%         3d9*      100%        9


Dungeon Overview and Level Annotations

Branches:
Dungeon (12/15)            Temple (1/1) D:5            Lair (0/5) D:10
    Orc (0/2) D:12          Sewer (visited)

Altars:
Ashenzari
Cheibriados
Dithmenos
Fedhas
Gozag
Hepliaklqana
Kikubaaqudgha
Makhleb
Nemelex Xobeh
Okawaru
Qazlal
Ru
Sif Muna
Trog
Uskayaw
Vehumet
Wu Jian
Xom
Yredelemnul

Shops:
D:5 *

Annotations:
D:3 3 runed translucent doors, ma3's ghost, amateur AtRe
D:10 1 runed translucent door, MTVSty1e's ghost, journeyman DrGl


Innate Abilities, Weirdness & Mutations

You have a pair of horns on your head.
You are mostly covered in slimy green scales. (AC +3)
You regenerate a little health from kills.
You regenerate magic rapidly.


Message History

A wave of flame ripples out!
The flame wave engulfs the skeletal warrior but does no damage.
The skeletal warrior is almost destroyed.
The flame wave engulfs the skeletal warrior.
The skeletal warrior is lightly damaged. (Press . to intensify the flame waves.)
The skeletal warrior hits you but does no damage.
The skeletal warrior hits you with a +4 battleaxe of venom!
You are poisoned.
A wave of flame ripples out!
The flame wave engulfs the skeletal warrior.
The skeletal warrior is almost destroyed.
The flame wave engulfs the skeletal warrior.
The skeletal warrior is moderately damaged.
The flame wave engulfs the troll!
The troll is heavily wounded.
You feel very sick.
The skeletal warrior hits you with a +0 halberd.
The skeletal warrior completely misses you.
A wave of flame ripples out!
The flame wave engulfs the skeletal warrior but does no damage.
The skeletal warrior is almost destroyed.
The flame wave engulfs the skeletal warrior!
The skeletal warrior is moderately damaged.
The flame wave engulfs the troll!!
You kill the troll!
Vehumet accepts your kill.
You finish channelling waves of flame.
You feel very sick.
The skeletal warrior hits you with a +0 halberd!!
* * * LOW HITPOINT WARNING * * *
The skeletal warrior hits you with a +4 battleaxe of venom!
* * * LOW HITPOINT WARNING * * *
You are more poisoned.
You feel much better.
* * * LOW HITPOINT WARNING * * *
You feel extremely sick. The skeletal warrior misses you.
The skeletal warrior hits you with a +4 battleaxe of venom!
You die...

##.....# #......... #......#
#.######## ...##.## #.........
.###..# #.######### ##...##
####+#.#.....<.# .....#
#.........#..### ####.#
#....>....#....# #.#
#.........#.##.#.# #.#
#......@..#.##.#.# #.#
####'#.zz....#.#.# # ## #.#
####.###.#####.#.# #.. .# #..
.....#.§.........#.... .# #.
.....§............... .# #>
....§...........^.... .# #.##
#####v....##...[#####..# .# #..#
#...#..........z.<....#
.####.###...#.....##......######


You could see 2 skeletal warriors.

Vanquished Creatures
  Gastronok (D:11)
  3 two-headed ogres
  3 skeletal warriors (D:12)
  A manticore (D:12)
  Joseph (D:9)
  A gargoyle (D:10)
  6 trolls
  A hornet (D:8)
  8 slime creatures
  Prince Ribbit (D:5)
  Grinder (D:3)
  19 yaks
  A wyvern (D:8)
  A wraith (D:12)
  4 shadows
  4 steam dragons
  2 vampire mosquitoes (D:12)
  2 swamp worms (D:7)
  A water moccasin (D:6)
  2 orc warriors
  An ice beast (D:7)
  2 black bears
  An ogre (D:5)
  2 phantoms (D:6)
  2 centaurs
  3 kobold brigands
  3 bullfrogs
  A necrophage (D:5)
  6 gnoll sergeants
  A scorpion (D:5)
  3 wights (D:8)
  2 jellies
  Crazy Yiuf (D:3)
  5 hounds
  An orc priest (D:8)
  3 gnoll boudas
  Jessica (D:3)
  2 iguanas
  9 orc wizards
  44 gnolls
  13 adders
  3 river rats (Sewer)
  4 white imps
  2 ufetubi
  A worm (D:3)
  6 dart slugs
  18 orcs
  13 ball pythons
  3 bats
  4 endoplasms
  4 giant cockroaches (D:3)
  6 goblins
  5 hobgoblins
  5 jackals
  3 quokkas
  7 frilled lizards
  15 kobolds
  7 rats
275 creatures vanquished.

Vanquished Creatures (collateral kills)
  11 foxfires
11 creatures vanquished.

Vanquished Creatures (others)
  835 foxfires
  14 plants
849 creatures vanquished.

Grand Total: 1135 creatures vanquished

Notes
Turn   | Place    | Note
-------+----------+-------------------------------------------
     0 | D:1      | funkygono the Demonspawn Fire Elementalist began the quest
                  | for the Orb.
     0 | D:1      | Reached XP level 1. HP: 13/13 MP: 3/3
   403 | D:1      | Gained mutation: You regenerate magic rapidly. [demonic
                  | ancestry]
   403 | D:1      | Reached XP level 2. HP: 19/19 MP: 1/5
   406 | D:1      | Learned a level 2 spell: Scorch
   911 | D:2      | Found a faded altar of an unknown god.
  1100 | D:2      | Reached XP level 3. HP: 24/24 MP: 3/6
  1165 | D:2      | Found a broken altar of Ashenzari.
  1525 | D:3      | Noticed ma3's ghost (amateur AtRe)
  1586 | D:3      | Found a runed translucent door.
  1587 | D:3      | Noticed Crazy Yiuf
  1691 | D:3      | Found a glowing drain.
  1699 | D:3      | Gained mutation: You have a pair of small horns on your
                  | head. [demonic ancestry]
  1699 | D:3      | Reached XP level 4. HP: 30/30 MP: 5/8
  1705 | Sewer    | Entered a sewer
  1726 | Sewer    | Reached skill level 3 in Spellcasting
  1902 | Sewer    | Gained mutation: You regenerate a little health from kills.
                  | [demonic ancestry]
  1902 | Sewer    | Reached XP level 5. HP: 35/35 MP: 5/9
  2692 | D:3      | Learned a level 3 spell: Kindle Blastsparks
  2697 | D:3      | Learned a level 4 spell: Flame Wave
  2761 | D:3      | Noticed Jessica
  2768 | D:3      | Killed Jessica
  2769 | D:3      | Gained mutation: You are partially covered in slimy green
                  | scales. (AC +2) [demonic ancestry]
  2769 | D:3      | Reached XP level 6. HP: 41/41 MP: 7/11
  2794 | D:3      | Found a runed translucent gate.
  2794 | D:3      | Found a runed translucent gate.
  2794 | D:3      | Found a runed translucent gate.
  2843 | D:3      | Noticed Grinder
  2850 | D:3      | Killed Grinder
  2851 | D:3      | Reached skill level 4 in Spellcasting
  2851 | D:3      | Reached skill level 5 in Fire Magic
  3123 | D:3      | Killed Crazy Yiuf
  3499 | D:4      | Gained mutation: You have a pair of horns on your head.
                  | [demonic ancestry]
  3499 | D:4      | Reached XP level 7. HP: 39/46 MP: 7/13
  3658 | D:4      | Found a bloodstained altar of Trog.
  3813 | D:4      | Identified the +1 trident "Worm's Wrath" {freeze, Fly rN+
                  | Dex-3}
  4262 | D:4      | Reached skill level 5 in Spellcasting
  4369 | D:5      | Entered Level 5 of the Dungeon
  4582 | D:5      | Reached skill level 6 in Spellcasting
  4582 | D:5      | Reached XP level 8. HP: 40/53 MP: 1/17
  4895 | D:5      | Noticed Prince Ribbit
  4901 | D:5      | Killed Prince Ribbit
  5144 | D:5      | Noticed a two-headed ogre
  5155 | D:5      | Killed a two-headed ogre
  5156 | D:5      | Reached skill level 7 in Spellcasting
  5156 | D:5      | Reached XP level 9. HP: 27/58 MP: 11/20
  5435 | D:5      | Found a staircase to the Ecumenical Temple.
  5448 | Temple   | Entered the Ecumenical Temple
  5645 | D:5      | Found Pimuuxoxe's Assorted Antiques.
  5893 | D:6      | Reached skill level 8 in Spellcasting
  6708 | D:7      | Reached skill level 9 in Spellcasting
  6709 | D:7      | Reached skill level 1 in Fighting
  6711 | D:7      | Reached skill level 5 in Conjurations
  6900 | D:7      | Found a blossoming altar of Fedhas.
  7373 | D:8      | Reached XP level 10. HP: 63/65 MP: 10/23
  7529 | D:8      | Learned a level 2 spell: Searing Ray
  8339 | D:9      | Reached skill level 10 in Spellcasting
  8454 | D:9      | Found a hide-covered altar of Uskayaw.
  8455 | D:9      | Found an ornate altar of the Wu Jian Council.
  8457 | D:9      | Found a stormy altar of Qazlal.
  8457 | D:9      | Found a shadowy altar of Dithmenos.
  8460 | D:9      | Found an iron altar of Okawaru.
  8460 | D:9      | Found a radiant altar of Vehumet.
  8461 | D:9      | Found a burning altar of Makhleb.
  8468 | D:9      | Became a worshipper of Vehumet
  8634 | D:9      | Noticed a two-headed ogre
  8640 | D:9      | Killed a two-headed ogre
  9172 | D:9      | Noticed Joseph
  9182 | D:9      | Killed Joseph
  9183 | D:9      | Reached skill level 11 in Spellcasting
  9183 | D:9      | Gained mutation: You are mostly covered in slimy green
                  | scales. (AC +3) [demonic ancestry]
  9183 | D:9      | Reached XP level 11. HP: 50/70 MP: 12/26
  9543 | D:10     | Entered Level 10 of the Dungeon
  9687 | D:10     | Reached skill level 10 in Fire Magic
  9693 | D:10     | Reached skill level 1 in Air Magic
  9694 | D:10     | Reached * piety under Vehumet
  9694 | D:10     | Offered knowledge of Sandblast by Vehumet.
  9697 | D:10     | Learned a level 1 spell: Sandblast
  9796 | D:10     | Found a runed translucent door.
  9796 | D:10     | Noticed MTVSty1e's ghost (journeyman DrGl)
 10035 | D:10     | Identified the ring of Balance {rF+ Will+ EV+4 Str-5}
 10136 | D:10     | Found a staircase to the Lair.
 10340 | D:10     | Found an ancient bone altar of Kikubaaqudgha.
 10508 | D:10     | Found a basalt altar of Yredelemnul.
 10749 | D:11     | Learned a level 5 spell: Fireball
 10953 | D:11     | Noticed Gastronok
 10966 | D:11     | Killed Gastronok
 10969 | D:11     | Reached skill level 12 in Spellcasting
 11088 | D:11     | Noticed a two-headed ogre
 11096 | D:11     | Killed a two-headed ogre
 11251 | D:12     | Found a staircase to the Orcish Mines.
 11295 | D:11     | Reached skill level 1 in Maces & Flails
 11649 | D:12     | Noticed a skeletal warrior
 11652 | D:12     | Noticed a skeletal warrior
 11666 | D:12     | Noticed a skeletal warrior
 11868 | D:12     | Noticed a skeletal warrior
 11870 | D:12     | Noticed a skeletal warrior
 11880 | D:12     | Killed a skeletal warrior
 11880 | D:12     | Reached ** piety under Vehumet
 11881 | D:12     | Reached XP level 12. HP: 62/77 MP: 11/28
 11882 | D:12     | Offered knowledge of Poisonous Vapours by Vehumet.
 11969 | D:12     | Slain by a skeletal warrior

Illustrated notes

Levels and vault maps discovered:
D:1:      scummos_arrival_simple_crosswalls, layout_loops_ring, st_stairs_2
D:2:      layout_loops_ring, basic_altar, shapermc_ecumenical_altar_petra
D:3:      layout_basic, cheibrodos_sewer_entry_bend, gammafunk_ghost_icy,
          uniq_crazy_yiuf_cottage, uniq_jessica, uniq_grinder
D:4:      layout_loops_corners, kennysheep_little_box, trog_three_pillars_becter
D:5:      layout_loops_ring, minmay_temple_entry_offerings, serial_shops,
          nicolae_lakefront_shop, nicolae_eternal_life, corexii_hall_statues_t,
          kennysheep_generic_room_11, uniq_prince_ribbit1
D:6:      layout_basic
D:7:      layout_rooms, fedhas_ov_isle_minmay, chequers_serial_rivers_small_3,
          worms_lemuel
D:8:      layout_loops_ring
D:9:      layout_layer_cave, grunt_temple_overflow_open, minivault_25,
          chequers_decorated_corner, uniq_joseph
D:10:     layout_basic, mainiacjoe_overflow_24_doors,
          nicolae_kikubaaqudgha_miasma_corner, lair_entry_dummy,
          ebering_ghost_reflecting_pool
D:11:     layout_rooms, uniq_gastronok
D:12:     layout_basic, ebering_ghost_reflecting_pool, minmay_misc_feat_iff
Temple:   dpeg_three_leaves_temple

Skill      XL: |  1  2  3  4  5  6  7  8  9 10 11 |
---------------+----------------------------------+-----
Fire Magic     | 3 4 5 6 8 9 11 | 11.3
Dodging        | 2 3 |  3.1
Spellcasting   | 3 4 6 7 9 11 12 | 12.7
Conjurations   | 2 3 4 5 6 7 |  7.6
Fighting       | 1 |  1.5
Air Magic      | 1 |  1.1
Maces & Flails | 1 |  1.1
Stealth        | |  1.7
Translocations | |  0.2

Action                   |  1- 3 |  4- 6 |  7- 9 | 10-12 || total
-------------------------+-------+-------+-------+-------++-------
Melee: Club              |     8 |       |       |       ||     8
       Mace              |       |     3 |    11 |    15 ||    29
       Headbutt          |       |     2 |       |     1 ||     3
       Whip              |       |     5 |       |       ||     5
 Cast: Foxfire           |    55 |    80 |   181 |   180 ||   496
       Scorch            |     5 |    12 |    76 |    81 ||   174
       Flame Wave        |       |       |     7 |    21 ||    28
       Kindle Blastspark |       |       |     1 |     9 ||    10
       Fireball          |       |       |       |    13 ||    13
  Use: Scroll            |       |    13 |    10 |     6 ||    29
       Potion            |       |       |       |     3 ||     3
Armor: Robe              |     2 |     5 |    24 |       ||    31
       Steam dragon scal |       |       |     7 |    54 ||    61
Dodge: Dodged            |    13 |     9 |    53 |    63 ||   138

Table legend: (Time is in decaauts)
 A = Elapsed time spent in this place.
 B = Non-inter-level travel time spent in this place.
 C = Inter-level travel time spent in this place.
 D = Time resting spent in this place.
 E = Time spent auto-exploring this place.
 F = Levels seen in this place.
 G = Mean time per level.
                   A        B        C        D        E       F      G
               +--------+--------+--------+--------+--------+-----+--------+
         Total |  12175 |  11882 |    293 |    494 |   9169 |  14 |  869.6 |
       Dungeon |  11064 |  10782 |    282 |    463 |   8377 |  12 |  922.0 |
        Temple |     80 |     70 |     10 |      0 |     58 |   1 |   80.0 |
         Sewer |   1029 |   1029 |      0 |     31 |    734 |   1 | 1029.0 |
               +--------+--------+--------+--------+--------+-----+--------+

Top non-repeatable levels by time:
     D:9: 1271 daAuts
     D:5: 1207 daAuts
    D:10: 1191 daAuts
     D:4: 1068 daAuts
     D:3: 1049 daAuts
   Sewer: 1029 daAuts
     D:7: 932 daAuts
     D:8: 862 daAuts
    D:11: 770 daAuts
     D:1: 767 daAuts
     D:2: 745 daAuts
     D:6: 727 daAuts
    D:12: 471 daAuts
  Temple: 80 daAuts
